 Dungeon Crawl Stone Soup version 0.20.0-15-g7f486f2 (webtiles) character file.

39 kuniqs the Grave Robber (level 3, 24/24 HPs)
             Began as a Mummy Necromancer on June 9, 2017.
             Quit the game on level 2 of the Dungeon.
             The game lasted 00:02:25 (1302 turns).

kuniqs the Grave Robber (Mummy Necromancer)         Turns: 1302, Time: 00:02:26

Health: 24/24      AC:  3    Str: 11    XL:     3   Next: 26%
Magic:  3/8        EV: 12    Int: 15    God:
Gold:   29         SH:  0    Dex: 12    Spells: 5/9 levels left

rFire    x . .     SeeInvis .   (no weapon)
rCold    + . .     Gourm    .   (no shield)
rNeg     + + +     Faith    .   a - +0 robe
rPois    ∞         Spirit   .   (no helmet)
rElec    .         Reflect  .   (no cloak)
rCorr    .         Harm     .   (no gloves)
MR       .....                  f - +0 pair of boots (curse)
Stlth    ++........             (no amulet)
Regen    0.1/turn               (no ring)
MPRegen  0.2/turn               (no ring)

@: no status effects
A: no food or potions, fire vulnerability, cold resistance 1, negative energy
resistance 3, torment resistance, unbreathing
a: no special abilities


You were on level 2 of the Dungeon.
You were not hungry.

You visited 1 branch of the dungeon, and saw 2 of its levels.

You collected 29 gold pieces.

Inventory:

Armour
 a - a +0 robe (worn)
 f - a cursed +0 pair of boots (worn)
 g - a +0 buckler
Jewellery
 k - an uncursed ring of protection from cold {unknown}
Scrolls
 c - a scroll of recharging {unknown}
 d - 3 scrolls of teleportation {unknown}
 e - 4 scrolls of remove curse {unknown}
 h - a scroll of noise {unknown}
 i - a scroll of enchant armour {unknown}
 j - 2 scrolls of enchant weapon {unknown}
 l - a scroll of amnesia {unknown}
 m - a scroll of identify {unknown}
Books
 b - a book of Necromancy

   Spells                             Type                      Level
   a - Pain                           Necromancy                   1
   b - Animate Skeleton               Necromancy                   1
   c - Vampiric Draining              Necromancy                   3
   d - Regeneration                   Charms/Necromancy            3
   e - Animate Dead                   Necromancy                   4
   f - Control Undead                 Necromancy                   4


   Skills:
 - Level 1.5 Dodging
 - Level 1.5 Stealth
 + Level 3.5 Spellcasting
 + Level 4.7 Necromancy


You had 5 spell levels left.
You knew the following spells:

 Your Spells              Type           Power        Failure   Level  Hunger
a - Pain                  Necr           ###.         2%          1    N/A
b - Vampiric Draining     Necr           ###.......   8%          3    N/A

Dungeon Overview and Level Annotations

Branches:
Dungeon (2/15)

Altars:


Innate Abilities, Weirdness & Mutations

You do not eat or drink.
Your flesh is vulnerable to fire.
You are immune to poison.
Your flesh is cold resistant. (rC+)
You are immune to negative energy. (rN+++)
You are immune to unholy pain and torment.
You can survive without breathing.


Message History

You kill the goblin!
Things that are here:
a club; a goblin corpse A goblin comes into view.
It is wielding a club.
Found 6 gold pieces.
A goblin is nearby!
Casting: Pain
Confirm with . or Enter, or press ? or * to list all spells.
Aiming: Pain
Press: ? - help, Shift-Dir - straight line, f - goblin
Aim: a goblin, wielding a club (chance to defeat MR: 87%)
The goblin writhes in agony!
Casting: Pain
Confirm with . or Enter, or press ? or * to list all spells.
Aiming: Pain
Press: ? - help, Shift-Dir - straight line, f/p - goblin
Aim: a goblin, wielding a club (almost dead, chance to defeat MR: 87%)
The goblin writhes in agony!
You kill the goblin!
Are you sure you want to abandon this character and quit the game? (Confirm with "yes".)

#.# ..# .... #.# .# ...##.#####
.+ ......... .... ....... ..#.
....$ .... ... ..#.#.# #)#
......# ..#@# .....# #...#.#)#
....# #...#.#.# #...#
...#.#.######### ....#
#..#.#.........#
#.#####+###..#.#########.########
..........#..#.# #!..........
#.........##!#.# #.#.#######.
..........##...# #†#.....# #.


There were no monsters in sight!

Vanquished Creatures
  An adder (D:2)
  A ball python (D:2)
  5 goblins
  4 hobgoblins
  2 jackals (D:2)
  5 kobolds
  2 bats
  A frilled lizard (D:2)
  7 rats
28 creatures vanquished.

Notes
Turn   | Place    | Note
-------+----------+-------------------------------------------
     0 | D:1      | kuniqs the Mummy Necromancer began the quest for the Orb.
     0 | D:1      | Reached XP level 1. HP: 13/13 MP: 4/4
   330 | D:1      | Reached XP level 2. HP: 19/19 MP: 3/6
  1011 | D:2      | Reached XP level 3. HP: 24/24 MP: 1/8
  1075 | D:2      | Learned a level 3 spell: Vampiric Draining
  1302 | D:2      | Quit the game

Skill      XL: |  1 |
---------------+----+-----
Spellcasting   | 3 |  3.5
Dodging        | |  1.5
Stealth        | |  1.5
Necromancy     | |  4.7

Action                   || total
-------------------------++-------
 Cast: Pain              ||    54
Armor: Robe              ||     1
Dodge: Dodged            ||    11
